 Dungeon Crawl Stone Soup version 0.14.1-3-gd16b60d (webtiles) character file.

188 tap556 the Vexing (level 4, 0/41 HPs)
             Began as an Ogre Arcane Marksman on May 17, 2014.
             Slain by an orc wizard
             ... wielding a +1,+2 dagger
              (7 damage)
             ... on Level 3 of the Dungeon.
             The game lasted 00:12:15 (1879 turns).

tap556 the Vexing (Ogre Arcane Marksman)            Turns: 1879, Time: 00:12:15

HP   0/41        AC  4     Str 17      XL: 4   Next: 16%
MP   6/6         EV 10     Int 12      God:
Gold 121         SH  0     Dex  9      Spells:  1 memorised,  4 levels left

rFire  . . .     SeeInvis .     l - +0 mace
rCold  . . .     Clarity  .     a - +1 robe
rNeg   . . .     Conserve .     (shield restricted)
rPois  .         rCorr    .     (helmet restricted)
rElec  .         rRot     .     (no cloak)
SustAb . .       Spirit   .     (gloves unavailable)
rMut   .         Warding  .     (boots unavailable)
Saprov + . .     Stasis   .     (no amulet)
MR     .....                    (no ring)
                                (no ring)

@: not resistant to hostile enchantments, unstealthy
A: unfitting armour, fast metabolism 1, saprovore 1, tough skin 1
a: no special abilities


You were on level 3 of the Dungeon.
You were not hungry.

You visited 1 branch of the dungeon, and saw 3 of its levels.

You collected 121 gold pieces.

Inventory:

Hand weapons
 b - a +0,+0 crossbow
 k - a +0,+0 club
 l - a +0,+0 mace (weapon)
Missiles
 c - 3 bolts
 i - 28 darts (quivered)
 j - 41 arrows
Armour
 a - a +1 robe (worn)
Comestibles
 f - 3 meat rations
 g - a choko
 n - a bread ration
Scrolls
 m - 2 scrolls of teleportation
 s - a scroll of identify {unknown}
 w - 2 scrolls of amnesia {unknown}
Jewellery
 o - an uncursed amulet of stasis {unknown}
 t - an uncursed ring of magical power {unknown}
Potions
 e - a potion of might {unknown}
 h - a potion of confusion {unknown}
 p - a potion of agility {unknown}
 q - a potion of restore abilities {unknown}
 r - a potion of mutation {unknown}
 u - a potion of flight {unknown}
 v - a potion of poison {unknown}
Books
 d - a book of Debilitation

   Spells                             Type                      Level
   *Corona                            Hexes                        1
   Slow                               Hexes                        2
   Inner Flame                        Hexes/Fire                   3
   Enslavement                        Hexes                        4
   Cause Fear                         Hexes                        4
   Leda's Liquefaction                Hexes/Earth                  4


   Skills:
 + Level 1.3 Fighting
 + Level 0.3 Maces & Flails
 + Level 2.5 Crossbows
 + Level 2.0 Dodging
 + Level 0.5 Stealth
 + Level 1.2 Spellcasting
 + Level 2.5 Hexes


You had 4 spell levels left.
You knew the following spells:

 Your Spells              Type           Power        Failure   Level  Hunger
a - Corona                Hex            #......      12%         1    ##.....


Dungeon Overview and Level Annotations

Branches:
Dungeon (3/15)

Altars:


Innate Abilities, Weirdness & Mutations

You are too large for most types of armour.
You have a fast metabolism.
You can tolerate rotten meat.
You have tough skin (AC +1).


Message History

a club; an uncursed dagger; 2 bolts You sock the orc!
You kill the orc!
The orc wizard mumbles some strange words.
The orc wizard blinks!
The orc wizard hits you with a dagger.
* * * LOW HITPOINT WARNING * * *
The orc wizard barely misses you.
Things that are here:
a short sword; a ring mail; an orc corpse
Things that are here:
a club; an uncursed dagger; 2 bolts The orc wizard hits you with a dagger.
* * * LOW HITPOINT WARNING * * *
You hit the orc wizard.
The orc wizard is heavily wounded.
The orc wizard hits you with a dagger.
* * * LOW HITPOINT WARNING * * *
The orc wizard hits you with a dagger!
You die...

#.###.##.#
#........#
#####.#### ### ##
#.# ..... #.# ##.#.
#.# ##.... #.#
#..>..########.##
#..(.))o@.......#
......#(########.##
##. #. ### #. (. ##


You could see an orc wizard.

Vanquished Creatures
  2 adders
  A giant gecko (D:2)
  An ooze (D:2)
  3 orcs (D:3)
  3 bats
  4 giant cockroaches
  9 goblins
  7 hobgoblins
  3 giant newts
  4 kobolds
  4 rats
41 creatures vanquished.

Notes
Turn   | Place    | Note
--------------------------------------------------------------
     0 | D:1      | tap556, the Ogre Arcane Marksman, began the quest for the Orb.
     0 | D:1      | Reached XP level 1. HP: 19/19 MP: 2/2
   224 | D:1      | Reached XP level 2. HP: 27/27 MP: 3/3
   857 | D:2      | Reached XP level 3. HP: 33/33 MP: 4/4
  1825 | D:3      | Reached XP level 4. HP: 41/41 MP: 6/6
  1879 | D:3      | Slain by an orc wizard

Action                   |  1- 3 |  4- 6 || total
-------------------------+-------+-------++-------
Melee: Mace              |    14 |    17 ||    31
 Fire: Crossbow          |    67 |     8 ||    75
Throw: Dart              |     1 |       ||     1
 Cast: Corona            |     4 |     3 ||     7
  Use: Scroll            |     4 |       ||     4
